 Dungeon Crawl Stone Soup version 0.31-a0-1074-g0b22e4e0f1 (webtiles) character file.

Game seed: 7012693091246996763

114 greasedhog the Cutter (level 5, -2/34 HPs)
             Began as a Kobold Fighter on Nov 29, 2023.
             Slain by Ijyb
             ... wielding a +0 club
              (3 damage)
             ... on level 3 of the Dungeon.
             The game lasted 00:02:38 (2647 turns).

greasedhog the Cutter (Kobold Fighter)              Turns: 2647, Time: 00:02:38

Health: -2/34      AC:  3    Str: 16    XL:     5   Next: 19%
Magic:  5/5        EV: 11    Int:  9    God:
Gold:   104        SH:  4    Dex: 14    Spells: 4/4 levels left

rFire   . . .        a - +0 rapier
rCold   . . .        c - +0 buckler
rNeg    . . .        f - +0 ring mail
rPois   .            (no helmet)
rElec   .            (no cloak)
rCorr   .            (no gloves)
SInv    .            o - +1 pair of boots
Will    .....        (no amulet)
Stlth   ++           (no ring)
HPRegen 0.25/turn    (no ring)
MPRegen 0.09/turn

%: no passive effects
@: mighty, corroded
A: small, no large weapons, nightstalker 3
a: no special abilities


You were on level 3 of the Dungeon.
You visited 1 branch of the dungeon, and saw 3 of its levels.

You collected 104 gold pieces.

Inventory:

Hand Weapons
 a - a +0 rapier (weapon)
Armour
 c - a +0 buckler (worn)
 f - a +0 ring mail (worn)
 o - a +1 pair of boots (worn)
Jewellery
 g - an amulet of magic regeneration
Scrolls
 b - 5 scrolls of enchant weapon {unknown}
 h - 2 scrolls of brand weapon {unknown}
 i - a scroll of blinking {unknown}
 l - a scroll of noise {unknown}
 m - a scroll of identify {unknown}
 n - a scroll of silence {unknown}
Potions
 e - a potion of brilliance {unknown}
 j - 2 potions of haste {unknown}
 k - a potion of ambrosia {unknown}
 p - a potion of berserk rage {unknown}


   Skills:
 + Level 4.3 Fighting
 * Level 5.6 Short Blades
 - Level 2.4 Armour
 - Level 2.4 Shields


You had 4 spell levels left.
You didn't know any spells.
Your spell library contained the following spells:

 Spells                   Type           Power      Damage    Failure   Level
 Shock                    Conj/Air       0%         1d3       69%         1
 Swiftness                Air            0%         N/A       96%         3
 Airstrike                Air            0%         2d(0-16)  100%        4


Dungeon Overview and Level Annotations

Branches:
Dungeon (3/15)

Altars:
Vehumet
Wu Jian
Xom

Annotations:
D:3 Ijyb


Innate Abilities, Weirdness & Mutations

You are small and have problems with some larger weapons.
You are completely attuned to the shadows.


Message History

You kill the goblin!
A jackal comes into view.
You see here a +0 club.
Things that are here:
a +0 club; a goblin corpse The jackal barks!
The jackal barely misses you.
The jackal bites you but does no damage.
You closely miss the jackal. The jackal closely misses you.
You hit the jackal.
You kill the jackal!
Things that are here:
a +0 club; a goblin corpse You see here a +0 club.
As you open the large door, it creaks loudly!
You hear a shout! x3 2 goblins come into view.
There is a large open door here.
Ijyb the Twisted Goblin comes into view.
She is wielding a +0 club and carrying a wand of acid.
Ijyb shouts!
You hit the goblin.
The goblin is severely wounded.
The goblin closely misses you.
Ijyb zaps a wand.
The bolt of acid hits the goblin!
The goblin dies!
The bolt of acid hits you! The goblin hits you but does no damage.
There is a large open door here.
You feel very mighty all of a sudden. The goblin hits you with a +0 club.
You puncture the goblin!
You kill the goblin!
Ijyb zaps a wand.
The bolt of acid hits you! The acid corrodes you!
Ijyb zaps a wand.
The bolt of acid hits you!
* * * LOW HITPOINT WARNING * * *
Things that are here:
a +0 club; a goblin corpse You hit Ijyb.
Ijyb is moderately wounded.
Ijyb hits you with a +0 club.
You die...

######## #......#
#≈≈≈ +......# ##≈≈≈
#...@..#
#≈≈#########..##g'#
##≈≈#..........#...#
#...'...).)....#.).#
....'..........#...#
#...'..........#...#
##≈≈#..........#...#
#≈≈#########..# #≈≈


You could see Ijyb.

Vanquished Creatures
  An adder (D:2)
  A white imp (D:3)
  2 worms
  3 dart slugs (D:1)
  7 orcs
  6 bats (D:1)
  4 endoplasms (D:1)
  A giant cockroach (D:3)
  7 hobgoblins
  13 jackals
  4 ball pythons
  2 frilled lizards
  8 goblins
  9 kobolds
  2 rats
70 creatures vanquished.

Vanquished Creatures (others)
  A goblin (D:3)
1 creature vanquished.

Grand Total: 71 creatures vanquished

Notes
Turn   | Place    | Note
-------+----------+-------------------------------------------
     0 | D:1      | greasedhog the Kobold Fighter began the quest for the Orb.
     0 | D:1      | Reached XP level 1. HP: 14/14 MP: 1/1
    80 | D:1      | Reached skill level 3 in Short Blades
   101 | D:1      | Reached XP level 2. HP: 11/19 MP: 2/2
   331 | D:1      | Reached XP level 3. HP: 24/24 MP: 3/3
   442 | D:1      | Reached skill level 4 in Short Blades
   495 | D:1      | Found a faded altar of an unknown god.
  1102 | D:2      | Reached XP level 4. HP: 26/29 MP: 4/4
  1398 | D:2      | Reached skill level 5 in Short Blades
  2236 | D:3      | Found a radiant altar of Vehumet.
  2244 | D:3      | Found a shimmering altar of Xom.
  2249 | D:3      | Found an ornate altar of the Wu Jian Council.
  2415 | D:3      | Reached XP level 5. HP: 25/33 MP: 5/5
  2639 | D:3      | Noticed Ijyb
  2646 | D:3      | HP: 1/34 [Ijyb/bolt of acid (13)]
  2647 | D:3      | Slain by Ijyb

Illustrated notes

Levels and vault maps discovered:
D:1:      dpeg_arrival_chambers_temple_mockup, layout_basic,
          shapermc_ecumenical_altar_ellora
D:2:      layout_loops_ring, hangedman_decor_clover_reticule
D:3:      kennysheep_goblin_castle, layout_loops_corners, chei_slow_surprise,
          minmay_overflow_temple_star_quad, minmay_misc_feat_chi,
          kennysheep_generic_room_7, uniq_grinder

Skill      XL: |  1  2  3  4 |
---------------+-------------+-----
Short Blades   | 3 4 5 |  5.6
Fighting       | 4 |  4.3
Armour         | |  2.4
Shields        | |  2.4

Action                     |  1- 3 |  4- 6 || total
---------------------------+-------+-------++-------
  Melee: Rapier            |   126 |   102 ||   228
    Use: Potion            |       |     1 ||     1
   Stab: Sleeping          |     7 |     6 ||    13
 Armour: Scale mail        |    24 |       ||    24
         Ring mail         |    36 |    52 ||    88
  Dodge: Dodged            |    58 |    57 ||   115
  Block: Buckler           |    32 |    26 ||    58

Table legend: (Time is in decaauts)
 A = Elapsed time spent in this place.
 B = Non-inter-level travel time spent in this place.
 C = Inter-level travel time spent in this place.
 D = Time resting spent in this place.
 E = Time spent auto-exploring this place.
 F = Levels seen in this place.
 G = Mean time per level.
                   A        B        C        D        E       F      G
               +--------+--------+--------+--------+--------+-----+--------+
         Total |   2653 |   2618 |     35 |    122 |   1958 |   3 |  884.3 |
       Dungeon |   2653 |   2618 |     35 |    122 |   1958 |   3 |  884.3 |
               +--------+--------+--------+--------+--------+-----+--------+

Top non-repeatable levels by time:
     D:1: 1076 daAuts
     D:2: 861 daAuts
     D:3: 715 daAuts
